 Dungeon Crawl Stone Soup version 0.29-a0-221-gceb61267dd (webtiles) character file.

Game seed: 10891691279587433278

110 mcwallace the Bolt Thrower (level 5, -1/40 HPs)
             Began as a Formicid Hunter on Feb 26, 2022.
             Succumbed to a goblin's poison
             ... on level 2 of the Dungeon.
             The game lasted 00:03:38 (2107 turns).

mcwallace the Bolt Thrower (Formicid Hunter)        Turns: 2107, Time: 00:03:39

Health: -1/40      AC:  4    Str: 17    XL:     5   Next: 14%
Magic:  5/5        EV: 11    Int: 10    God:
Gold:   92         SH:  4    Dex: 13    Spells: 4/4 levels left

rFire   . . .      SeeInvis +   v - +0 eveningstar {macerare=g}
rCold   . . .      Faith    .   m - +0 buckler
rNeg    . . .      Spirit   .   b - +0 leather armour
rPois   .          Reflect  .   (helmet unavailable)
rElec   .          Harm     .   c - +0 cloak
rCorr   .          Rampage  .   (no gloves)
Will    +....                   (no boots)
Stlth   ++........              l - amulet of magic regeneration {@e2}
HPRegen 0.13/turn               (no ring)
MPRegen 0.49/turn               (no ring)

@: lethally poisoned (-1 -> -10), attractive
A: permanent stasis, dig shafts and tunnels, antennae 3, four strong arms,
strong-willed 1
a: Dig, Shaft Self


You were on level 2 of the Dungeon.
You visited 1 branch of the dungeon, and saw 3 of its levels.

You collected 92 gold pieces.


Innate Abilities, Weirdness & Mutations

You cannot be hasted, slowed, berserked, paralysed or teleported.
You can dig through walls and to a lower floor.
You have a pair of large antennae on your head. (SInv)
Your four strong arms can wield two-handed weapons with a shield.
You are strong-willed. (Will+)


   Skills:
 + Level 2.9 Fighting
 + Level 4.4 Crossbows
 + Level 1.8 Armour
 + Level 2.5 Dodging
 + Level 2.6 Stealth
 + Level 1.2 Shields


You had 4 spell levels left.
You didn't know any spells.
Your spell library was empty.

Inventory:

Hand Weapons
 a - a +1 hand crossbow {crossbow}
 v - a +0 eveningstar (weapon) {macerare=g}
   (You found it on level 2 of the Dungeon)
Missiles
 r - 9 poisoned darts {throwing}
Armour
 b - a +0 leather armour (worn)
 c - a +0 cloak (worn)
   (You found it on level 1 of the Dungeon)
 d - a +0 ring mail
   (You found it on level 1 of the Dungeon)
 e - a +0 ring mail
   (You found it on level 1 of the Dungeon)
 f - a +0 leather armour
   (You found it on level 1 of the Dungeon)
 k - a +0 chain mail
   (You found it on level 1 of the Dungeon)
 m - a +0 buckler (worn)
   (You found it on level 1 of the Dungeon)
 s - a +0 robe
   (You found it on level 2 of the Dungeon)
 w - a +0 scale mail
   (You found it on level 2 of the Dungeon)
Magical Staves
 o - a staff of death {!astaff}
   (You found it on level 1 of the Dungeon)
 t - a staff of earth {!astaff}
   (You found it on level 2 of the Dungeon)
 u - a staff of earth {!astaff}
   (You found it on level 2 of the Dungeon)
Jewellery
 l - an amulet of magic regeneration (around neck) {@e2}
   (You found it on level 1 of the Dungeon)
Scrolls
 g - a scroll of amnesia {unknown}
 h - 2 scrolls of identify {unknown}
 i - a scroll of fear {unknown}
 j - 2 scrolls of enchant weapon {unknown}
 p - a scroll of torment {unknown}
Potions
 n - a potion of mutation {!q}
 q - a potion of attraction {!q}

Dungeon Overview and Level Annotations

Branches:
Dungeon (3/15)

Altars:

#.#######....#######
..# #.......# ###
#.#####.# #####.#
#.## #.....### #..#
##.###...# #..#
#...>....###).#
#..###......g.# #..#
##.#####@# #..####.#
#)# #..##)..# #.#
#..#...######.####
#................#
##.#...######.##.#
#.##.## #.##.#
#.##.#######.##.#
#............##)#


You could see a goblin (strong).


Message History

You have reached level 5! ๐Ÿ˜ฎ HP[+3] MP[+1]
You now have 40 max hp (+6).
You regained 3 hp, and now have 23/40 hp.
Your mp is fully restored (5).
You start resting. ๐Ÿ˜Ž HP[+17]
Your hp is fully restored (40).
Items here: )) รท โ€ .
There is a stone staircase leading down here.
You can't go up here!
You climb downwards.
Level annotation: Robin
There is a stone staircase leading up, spattered with blood here.
Robin hits you from afar with a +0 spear. ๐Ÿ˜• HP[-3]
You take 3 damage, and now have 37/40 hp.
Robin barely misses you.
You puncture Robin! You block Robin's attack.
Robin roars a battlecry! ๐Ÿ˜• HP[+1]
You closely miss Robin.
Robin hits you with a +0 spear. ๐Ÿ˜• HP[-2]
You take 2 damage, and now have 36/40 hp.
You puncture Robin!
You kill Robin!
A goblin comes into view. It is wielding a +0 dagger of speed.
A goblin comes into view. It is wielding a +0 dagger.
The goblin barely misses you.
Things that are here:
a +0 spear {polearm}; a +0 animal skin; a +0 helmet You barely miss the goblin.
The goblin hits you with a +1 dagger of venom.
The goblin closely misses you. ๐Ÿ˜• HP[-1]
You take 1 damage, and now have 35/40 hp.
The goblin unwields a +0 dagger.
The goblin wields a +0 hunting sling.
The goblin shoots a sling bullet.
The sling bullet hits you but does no damage.
The goblin closely misses you. ๐Ÿ˜• HP[+1]
You closely miss the goblin.
The goblin shoots a sling bullet.
The sling bullet hits you. You block the goblin's attack.
The goblin hits you but does no damage. ๐Ÿ˜• HP[-2]
You take 2 damage, and now have 34/40 hp.
The goblin closely misses you.
There is a stone staircase leading up, spattered with blood here.
You puncture the goblin!
You kill the goblin!
You block the goblin's attack.
The goblin shoots a sling bullet.
The sling bullet hits you. ๐Ÿ˜ฎ HP[-4]
You take 4 damage, and now have 30/40 hp.
You closely miss the goblin.
The goblin hits you with a +1 dagger of venom.
You are poisoned.
The goblin shoots a sling bullet.
You block the sling bullet. ๐Ÿ˜ฎ HP[-5]
You take 5 damage, and now have 25/40 hp.
You barely miss the goblin.
You feel very sick. The goblin hits you but does no damage.
You are more poisoned.
The goblin shoots a sling bullet.
The sling bullet hits you but does no damage.
The goblin misses you.
The goblin shoots a sling bullet.
The sling bullet closely misses you. ๐Ÿ˜ฎ HP[-3]
You take 3 damage, and now have 22/40 hp.
You barely miss the goblin.
* * * LOW HITPOINT WARNING * * *
You feel very sick. The goblin hits you but does no damage.
You are lethally poisoned!
The goblin shoots a sling bullet.
The sling bullet misses you. ๐Ÿ˜จ HP[-5]
You take 5 damage, and now have 17/40 hp.
* * * LOW HITPOINT WARNING * * *
You feel very sick. You block the goblin's attack.
The goblin shoots a sling bullet.
The sling bullet barely misses you.
You climb upwards.
* * * LOW HITPOINT WARNING * * *
You feel very sick.
There is a stone staircase leading down here. ๐Ÿ˜ฑ HP[-10]
You take 10 damage, and now have 7/40 hp.
MASSIVE DAMAGE!! (PAUSE) It was a potion of mutation.
You feel extremely strange.
You feel strong-willed.
* * * LOW HITPOINT WARNING * * *
You feel very sick.
The goblin hits you with a +1 dagger of venom.
* * * LOW HITPOINT WARNING * * *
๐Ÿ˜ฑ HP[-6]
You take 6 damage, and now have 1/40 hp.
It was a potion of attraction.
You feel attractive to monsters.
You die...

Skill      XL: |  1  2  3  4 |
---------------+-------------+-----
Dodging        | 2 |  2.5
Armour         | 1 |  1.8
Stealth        | 2 |  2.6
Shields        | 1 |  1.2
Fighting       | |  2.9
Crossbows      | |  4.4

Action                   |  1- 3 |  4- 6 || total
-------------------------+-------+-------++-------
Melee: Eveningstar       |       |    30 ||    30
 Fire: Hand crossbow     |    65 |    25 ||    90
 Abil: Dig               |     1 |       ||     1
  Use: Potion            |       |     2 ||     2
Armor: Leather armour    |     8 |    16 ||    24
Dodge: Dodged            |    11 |    32 ||    43
Block: Buckler           |     2 |    16 ||    18

Levels and vault maps discovered:
D:1:      evilmike_arrival_crescent, layout_basic, nicolae_grassy_gnolls
D:2:      layout_loops_ring
D:3:      layout_rooms, kennysheep_generic_room_16, uniq_robin

Notes
Turn   | Place    | Note
-------+----------+-------------------------------------------
     0 | D:1      | mcwallace the Formicid Hunter began the quest for the Orb.
     0 | D:1      | Reached XP level 1. HP: 16/16 MP: 1/1
     0 | D:1      | magus.rc [v1.9.6]
   242 | D:1      | Reached XP level 2. HP: 23/23 MP: 2/2
   410 | D:1      | Reached skill level 2 in Dodging
   505 | D:1      | Reached skill level 1 in Armour
   505 | D:1      | Reached skill level 2 in Stealth
   505 | D:1      | Reached XP level 3. HP: 12/28 MP: 3/3
  1249 | D:2      | Reached XP level 4. HP: 34/34 MP: 4/4
  1361 | D:2      | Reached skill level 1 in Shields
  1576 | D:2      | v - a +0 eveningstar {macerare=g}
  1766 | D:3      | Noticed Robin
  1771 | D:3      | v - a +0 eveningstar (weapon) {macerare=g}
  1953 | D:2      | Reached XP level 5. HP: 23/40 MP: 5/5
  2093 | D:3      | Killed Robin
  2105 | D:2      | HP: 7/40 [poisoned by a goblin]
  2106 | D:2      | Gained mutation: You are strong-willed. (Will+) [potion of
                  | mutation]
  2106 | D:2      | HP: 1/40 [goblin/+1 dagger of venom[Robin] (3)]
  2107 | D:2      | Succumbed to a goblin's poison

Vanquished Creatures
  Robin (D:3)
  5 adders (D:2)
  A gnoll (D:1)
  A worm (D:2)
  3 dart slugs
  2 bats (D:2)
  11 goblins
  7 hobgoblins
  4 ball pythons
  A frilled lizard (D:2)
  A kobold (D:1)
  A rat (D:1)
38 creatures vanquished.

Vanquished Creatures (others)
  2 plants (D:1)
2 creatures vanquished.

Grand Total: 40 creatures vanquished

Table legend:
 A = Non-vault XP
 B = Vault XP
 C = Vault XP percentage of total XP
 D = Non-vault monster count
 E = Vault monster count
 F = Vault count percentage of total count
                 A         B        C        D         E       F
            +---------+---------+-------+---------+---------+-------
      Total |     113 |      45 |  28.5 |      28 |      10 |  26.3
            +---------+---------+-------+---------+---------+-------
        D:1 |      21 |      14 |  40.0 |      12 |       1 |   7.7
        D:2 |      92 |       9 |   8.9 |      16 |       5 |  23.8
        D:3 |       0 |      22 | 100.0 |       0 |       4 | 100.0
            +---------+---------+-------+---------+---------+-------

Illustrated notes

Table legend:
 A = Kills in this place as a percentage of kills in entire the game.
 B = Kills by you in this place as a percentage of kills by you in the entire game.
 C = Kills by friends in this place as a percentage of kills by friends in the entire game.
 D = Other kills in this place as a percentage of other kills in the entire game.
 E = Experience gained in this place as a percentage of experience gained in the entire game.
 F = Experience gained in this place divided by the number of levels of this place that you have seen.
                   A       B       C       D       E      F
               +-------+-------+-------+-------+-------+----------------------
         Total | 100.0 | 100.0 |   N/A |   N/A | 100.0 |  52.7
       Dungeon | 100.0 | 100.0 |   N/A |   N/A | 100.0 |  52.7
               +-------+-------+-------+-------+-------+----------------------

Table legend: (Time is in decaauts)
 A = Elapsed time spent in this place.
 B = Non-inter-level travel time spent in this place.
 C = Inter-level travel time spent in this place.
 D = Time resting spent in this place.
 E = Time spent auto-exploring this place.
 F = Levels seen in this place.
 G = Mean time per level.
                   A        B        C        D        E       F      G
               +--------+--------+--------+--------+--------+-----+--------+
         Total |   2155 |   2105 |     50 |    256 |   1521 |   3 |  718.3 |
       Dungeon |   2155 |   2105 |     50 |    256 |   1521 |   3 |  718.3 |
               +--------+--------+--------+--------+--------+-----+--------+

Top non-repeatable levels by time:
     D:2: 1208 daAuts
     D:1: 891 daAuts
     D:3: 56 daAuts
